Map: World of Sleepers LE

Players

pHARM

  • Race: Zerg Zerg
  • League: Platinum
  • Spawn Location: 7:00

Radius - Winner!

  • Race: Terran Terran
  • League: Platinum
  • Spawn Location: 1:00

VOD

Have the link to the VOD?

Description

Time

  • Played on: Aug. 25, 2019, 6:43 a.m.
  • Length: 11:38
Show
View Real Time Build Order
Export as new Build Order

pHARM Zerg 

Build Orders: Hatch First 

Get SALT Encoding   

  12  0:01  Drone  
  13  0:12  Overlord  
  13  0:17  Drone  
  14  0:31  Drone x2  
  16  0:37  Drone  
  17  0:59  Hatchery  
  17  1:01  Drone  
  17  1:02  Drone  
  18  1:14  Drone  
  19  1:18  Spawning Pool  
  19  1:19  Drone  
  19  1:40  Extractor  
  19  1:42  Drone x2  
  20  2:07  Queen  
  22  2:11  Drone  
  22  2:12  Queen, Drone  
  26  2:18  Drone x2  
  28  2:39  Overlord x2  
  28  2:44  Metabolic Boost  
  28  2:57  Queen x2  
  32  3:04  Drone x5  
  37  3:12  Zergling x2  
  38  3:28  Overlord x2  
  38  3:30  Drone  
  38  3:31  Drone x5  
  44  3:36  Lair  
  44  3:57  Overlord x2  
  44  3:58  Drone x5  
  44  4:01  Extractor  
  44  4:02  Extractor  
  47  4:19  Drone x3  
  50  4:33  Roach Warren  
  50  4:37  Evolution Chamber  
  48  4:39  Drone x3  
  48  4:41  Evolution Chamber  
  48  4:44  Overlord x3  
  50  4:50  Drone  
  51  4:53  Nydus Network  
  50  5:08  Drone  
  50  5:11  Zerg Missile Weapons Level 1  
  50  5:14  Roach x7  
  65  5:22  Hatchery  
  65  5:26  Roach x7  
  78  5:38  Roach  
  78  5:39  Roach  
  82  5:48  Roach  
  82  5:49  Roach  
  86  5:54  Queen x2, Nydus Canal  
  90  6:02  Roach x4  
  94  7:20  Spore Crawler  
  94  7:21  Spore Crawler  
  89  7:24  Spore Crawler  
  77  8:02  Spawning Pool  
  62  9:01  Spore Crawler  
  62  9:02  Spore Crawler x2  
  59  9:03  Spore Crawler  
  59  9:04  Spore Crawler  
  59  9:05  Spore Crawler  
  59  9:06  Spore Crawler  
  59  9:09  Spore Crawler  
  54  9:28  Spore Crawler  
  53  9:45  Overlord x4  
Show
View Real Time Build Order
Export as new Build Order

Radius Terran - Winner!

Build Orders: Command Center First (CC) 

Get SALT Encoding   

  12  0:01  SCV  
  13  0:13  SCV  
  14  0:18  Supply Depot  
  14  0:25  SCV  
  15  0:40  SCV  
  16  0:52  SCV  
  17  1:04  SCV  
  18  1:07  Command Center  
  18  1:16  SCV  
  19  1:19  Barracks  
  19  1:25  Refinery  
  19  1:28  SCV  
  20  1:34  Refinery  
  20  1:40  SCV  
  20  1:46  Supply Depot  
  21  1:52  SCV  
  22  2:04  SCV  
  23  2:16  SCV  
  23  2:21  Marine, Factory, Refinery  
  25  2:28  SCV  
  26  2:33  SCV  
  27  2:42  Orbital Command  
  27  2:45  SCV  
  28  2:51  Bunker  
  28  2:53  Marine  
  28  2:58  SCV  
  30  3:10  SCV  
  31  3:14  Starport  
  31  3:20  Starport  
  31  3:22  SCV  
  32  3:34  Factory Tech Lab, SCV  
  32  3:40  Refinery  
  33  3:46  SCV  
  33  3:47  Supply Depot  
  34  3:57  Fusion Core  
  34  3:58  SCV  
  35  4:02  Engineering Bay  
  35  4:10  SCV  
  35  4:11  Starport Tech Lab  
  35  4:12  Starport Tech Lab  
  36  4:18  Supply Depot  
  36  4:22  SCV  
  37  4:32  Siege Tank  
  37  4:35  SCV  
  41  4:48  Battlecruiser  
  41  4:51  SCV  
  48  5:01  Battlecruiser  
  48  5:04  SCV  
  55  5:09  Supply Depot  
  55  5:12  Supply Depot  
  55  5:23  Armory  
  55  5:24  SCV  
  56  5:29  Supply Depot  
  56  5:36  SCV  
  57  5:49  SCV  
  58  5:52  Battlecruiser  
  64  6:01  SCV  
  65  6:05  Battlecruiser  
  65  6:11  Terran Vehicle And Ship Armor Level 1  
  71  6:13  SCV  
  71  6:15  Weapon Refit  
  64  6:35  Command Center  
  64  6:38  Planetary Fortress  
  54  8:05  Battlecruiser x2  
  66  8:15  Refinery  
  66  8:17  Refinery  
  55  8:48  SCV  
  56  8:55  Planetary Fortress  
  56  9:00  SCV  
  57  9:12  SCV  
  58  9:24  SCV  
  59  9:53  Battlecruiser  
  65  10:08  Command Center  
Tags
 
Add a new tag
Caveats
  • Supply blocks, unpowered buildings, or Contaminate may cause inaccurate times.
  • Supply counts are checked every 10 seconds.